Unix NetHack Version 5.0.0-0 post-release - last build May 22 2026 02:22:16 (99d1c3b6dc4b13757aaa5824b55bdea4e1e63757,branch:main).

Game began 2026-05-22 04:27:18, ended 2026-05-22 04:47:58.

Haxasaurus, lawful male human Samurai

                  -----------                                        --------
                   .........                                         |.(!)?)|
                    .......  .                           -------    #-.!)%!?|
                      ...                                |.<...|    #|.%%*([|
 --------              .      #   ----------             |.....|    #|.!*?%%|
 |.......#########################....>....|            #......|    #|.!(%/[|
 |......|              #      #   |.........#           #-----.-  ###--------
 |......|              #          |........|#           #     ##  #
 |.......##            #          .........|##          #      #  #
 |......| #         ####          ---------- ##         #      #  #
 |......| #   ------+--                       #         #      #  #
 -------- #   |........###                    #         #   ---.--#
          ####.....@..|  ##########################     #   |....|#
              |.[.....+ ######### #######     ##  @Z#####   |....-#
              ---------                        ##i#-----##))%....|
                                                  #|...|#   |....|
                                                   |...-#   ------
                                                   -----

Haxasaurus the Ronin   St:14 Dx:17 Co:18 In:9 Wi:9 Ch:8  Lawful
Dlvl:3  $:20 HP:0(40) Pw:9(9) AC:3  Xp:4/107 T:2287 

Latest messages:
 The homunculus bites!
 [HP -1, 24 left]
 You miss the homunculus.
 The homunculus bites!
 [HP -3, 21 left]
 You hit the homunculus.
 The homunculus just misses!
 You hit the homunculus.
 The homunculus misses!
 You miss the homunculus.
 You hit the homunculus.
 The homunculus bites!
 You avoid harm.
 [HP -1, 22 left]
 You hit the homunculus.
 The homunculus misses!
 You miss the homunculus.
 The homunculus bites!
 [HP -3, 19 left]
 You hit the homunculus.
 You miss the homunculus.
 The kobold zombie hits!
 [HP -2, 17 left]
 The homunculus bites!
 [HP -1, 16 left]
 You hit the homunculus.
 The homunculus bites!
 You are put to sleep by the homunculus!
 [HP -2, 14 left]
 The homunculus bites!
 [HP -3, 11 left]
 The kobold zombie hits!
 [HP -2, 9 left]
 The homunculus bites!
 [HP -2, 7 left]
 The kobold zombie hits!
 [HP -1, 6 left]
 The homunculus just misses!
 The kobold zombie hits!
 [HP -2, 4 left]
 The homunculus bites!
 [HP -2, 2 left]
 The kobold zombie hits!
 [HP -2, 0 left]
 You die...
 Do you want your possessions identified? y
 Do you want to see your attributes? n
 Do you want an account of creatures vanquished? [ynaq] (y)
 Do you want to see your conduct and achievements? n
 Do you want to see the dungeon overview? n

Inventory:
 Coins    ('$')
  $ - 20 gold pieces
 Weapons  (')')
  d - 26 +0 ya (in quiver)
  c - a +0 yumi (weapon in right hand)
  a - a +0 katana (alternate weapon; not wielded)
  b - a +0 wakizashi
  x - the rustproof +0 Snickersnee
 Armor    ('[')
  g - an uncursed +0 orcish helm (being worn)
  e - an uncursed rustproof +0 splint mail (being worn)
 Comestibles  ('%')
  B - an uncursed Banana
  C - 2 uncursed gunyoki
  l - a cursed gunyoki
  A - 2 uncursed lichen corpses
 Scrolls  ('?')
  n - an uncursed scroll of enchant weapon
  q - an uncursed scroll of remove curse
 Potions  ('!')
  i - an uncursed potion of healing
  D - a blessed potion of object detection
  z - an uncursed potion of sake
  h - a cursed potion of sake
 Gems/Stones  ('*')
  f - 2 uncursed amethyst stones

Haxasaurus the Samurai's attributes:

Background:
 You were a Ronin, a level 4 male human Samurai.
 You were lawful, on a mission for Amaterasu Omikami
 who was opposed by Raijin (neutral) and Susanowo (chaotic).
 You were right-handed.
 You were in the Dungeons of Doom, on level 3.
 You entered the dungeon 2287 turns ago.
 It was nighttime.
 You had 107 experience points, 53 more were needed to attain level 5.

Basics:
 You had 0 out of 40 hit points.
 You had all 9 energy points (spell power).
 Your armor class was 3.
 Your wallet contained 20 zorkmids.
 Autopickup was on for '$"=/!?' plus thrown, with exceptions.

Final Characteristics:
 Your strength was 14 (limit:18/100).
 Your dexterity was 17 (limit:18).
 Your constitution was 18 (limit:18).
 Your intelligence was 9 (limit:18).
 Your wisdom was 9 (limit:18).
 Your charisma was 8 (limit:18).

Final Status:
 You weren't hungry.
 You were unencumbered.
 You were wielding a bow.
 You had basic skill with bow.

Final Attributes:
 You were piously aligned.
 You were warded.
 You were fast.
 You are dead.

Miscellaneous:
 You didn't encounter any bones levels.
 Total elapsed playing time was 20 minutes and 37 seconds.

Major events:
 Turn
    1: Haxasaurus the lawful male human Samurai entered the dungeon
 1138: attained the rank of Ronin (level 3)
 1586: was bestowed with Snickersnee by Amaterasu Omikami
 2245: entered the Gnomish Mines
 2287: killed by a kobold zombie, while sleeping

You didn't know any spells.

Skills:
 Fighting Skills
   martial arts      [Basic]
   two weapon combat [Unskilled]
   riding            [Unskilled]
 Weapon Skills
   dagger            [Unskilled]
   knife             [Unskilled]
   short sword       [Basic]
   broadsword        [Unskilled]
   long sword        [Basic]
   two-handed sword  [Unskilled]
   saber             [Unskilled]
   flail             [Unskilled]
   quarterstaff      [Unskilled]
   polearms          [Unskilled]
   spear             [Unskilled]
   lance             [Unskilled]
   bow               [Basic]
   shuriken          [Unskilled]
 Spellcasting Skills
   attack spells     [Unskilled]
   divination spells [Unskilled]
   clerical spells   [Unskilled]

Voluntary challenges:
 Character rerolling was not enabled.
 You were illiterate.
 You never genocided any monsters.
 You never polymorphed an object.
 You never changed form.
 You used no wishes.
Achievements:
 You attained the rank of Ronin.
 You entered a shop.
 You entered the Gnomish Mines.

 The Dungeons of Doom: levels 1 to 3
    Level 1:
       An altar to Amaterasu Omikami.
    Level 2:
       A bookstore, some fountains.
    Level 3: <- You were here.
       A general store.
       Stairs down to The Gnomish Mines.
       Final resting place for
          you, killed by a kobold zombie, while sleeping.
 The Gnomish Mines:
    Level 4:


Vanquished creatures:
  a floating eye
  a giant bat
 an iguana
 an acid blob
  a yellow mold
  a gnome
  a gnome zombie
 11 jackals
  2 kobolds
  6 goblins
  a sewer rat
  5 grid bugs
  6 lichens
  a kobold zombie
  6 newts
45 creatures vanquished.

No species were genocided or became extinct.

Game over:
                       ----------
                      /          \
                     /    REST    \
                    /      IN      \
                   /     PEACE      \
                  /                  \
                  |    Haxasaurus    |
                  |      20 Au       |
                  |   killed by a    |
                  |  kobold zombie   |
                  |                  |
                  |                  |
                  |       2026       |
                 *|     *  *  *      | *
        _________)/\\_//(\/(/\)/\//\/|_)_______

Sayonara Haxasaurus the Samurai...

You died in The Dungeons of Doom on dungeon level 3 with 596 points,
and 20 pieces of gold, after 2287 moves.
You were level 4 with a maximum of 40 hit points when you died.

